Map: Dusk Towers

Players

Mint - Winner!

  • Race: Protoss Protoss
  • League: Platinum

LilDicky

  • Race: Terran Terran
  • League: Diamond

VOD

http://www.twitch.tv/tumescentpie

Description

Time

  • Played on: Dec. 1, 2015, 11:17 a.m.
  • Length: 20:28
Show
View Real Time Build Order
Export as new Build Order

Mint Protoss - Winner!

Build Orders: Oracle Opening 

Get SALT Encoding   

  12  0:08  Pylon  
  12  0:13  Probe (Chrono Boost)  
  13  0:27  Gateway  
  13  0:30  Probe (Chrono Boost)  
  14  0:41  Probe (Chrono Boost)  
  14  0:42  Assimilator  
  15  0:51  Probe (Chrono Boost)  
  15  0:54  Pylon  
  16  1:02  Probe (Chrono Boost)  
  17  1:14  Cybernetics Core  
  17  1:18  Assimilator  
  17  1:20  Probe (Chrono Boost)  
  18  1:28  Pylon  
  19  1:33  Probe (Chrono Boost)  
  19  1:43  Probe (Chrono Boost)  
  20  1:54  Stargate  
  20  1:55  Probe (Chrono Boost)  
  21  2:03  Stalker (Chrono Boost)  
  21  2:08  Probe  
  24  2:20  Forge  
  24  2:27  Pylon  
  24  2:37  Oracle (Chrono Boost)  
  27  2:55  Photon Cannon  
  27  3:08  Oracle (Chrono Boost)  
  28  3:40  Void Ray (Chrono Boost)  
  32  3:56  Nexus  
  32  4:16  Mothership Core  
  38  4:17  Void Ray (Chrono Boost)  
  38  4:37  Probe  
  39  4:40  Robotics Facility  
  39  4:55  Stalker  
  39  4:56  Warp Gate  
  41  5:04  Gateway  
  30  5:55  Observer (Chrono Boost)  
  31  5:57  Probe, Void Ray  
  31  5:58  Probe  
  31  6:03  Zealot  
  36  6:11  Gateway, Zealot  
  36  6:16  Probe  
  36  6:18  Probe  
  40  6:30  Probe, Zealot  
  41  6:38  Mothership Core  
  41  6:48  Stalker  
  34  7:01  Observer (Chrono Boost)  
  34  7:26  Stalker x2  
  38  7:48  Cybernetics Core  
  38  8:02  Observer (Chrono Boost)  
  36  8:13  Zealot x3  
  34  8:32  Mothership Core  
  34  8:33  Zealot  
  34  8:34  Zealot x2  
  38  8:46  Probe  
  38  8:48  Observer (Chrono Boost)  
  37  8:53  Probe  
  38  8:57  Probe  
  38  9:05  Probe  
  38  9:07  Probe  
  40  9:12  Stalker  
  40  9:13  Stalker  
  44  9:17  Probe  
  44  9:18  Probe  
  46  9:25  Assimilator  
  46  9:28  Probe  
  46  9:29  Probe  
  48  9:38  Assimilator  
  47  9:39  Probe  
  47  9:41  Probe (Chrono Boost)  
  49  9:51  Probe (Chrono Boost)  
  50  9:53  Probe (Chrono Boost)  
  51  10:02  Probe (Chrono Boost)  
  52  10:09  Stalker x2  
  52  10:11  Stalker  
  49  10:47  Stalker  
  49  10:48  Stalker x2  
  44  11:22  Nexus  
  44  11:25  Pylon  
  40  11:32  Probe x2 (Chrono Boost)  
  42  11:36  Robotics Facility  
  42  11:43  Sentry x2, Probe x2 (Chrono Boost)  
  42  11:44  Sentry  
  50  11:47  Pylon  
  50  11:51  Assimilator  
  50  11:53  Probe (Chrono Boost)  
  51  11:57  Probe (Chrono Boost), Protoss Ground Weapons Level 1 (Chrono Boost)  
  52  12:03  Pylon  
  52  12:05  Probe  
  52  12:07  Probe  
  54  12:17  Probe  
  54  12:18  Probe  
  54  12:28  Probe  
  54  12:29  Probe  
  49  12:33  Stalker  
  49  12:34  Stalker x2  
  49  12:35  Mothership Core  
  44  12:58  Stalker x3  
  46  13:17  Immortal (Chrono Boost)  
  50  13:20  Robotics Bay  
  50  13:23  Probe x2  
  50  13:24  Probe  
  53  13:32  Sentry  
  53  13:33  Probe x2  
  55  13:35  Sentry  
  55  13:36  Probe  
  60  13:44  Probe x2  
  62  13:51  Probe  
  62  13:54  Probe  
  64  14:08  Colossus (Chrono Boost)  
  70  14:10  Probe x2  
  70  14:12  Probe  
  70  14:14  Extended Thermal Lance (Chrono Boost)  
  73  14:18  Assimilator  
  73  14:24  Probe  
  74  14:34  Stalker x3  
  80  14:41  Gateway  
  80  14:42  Gateway  
  80  14:53  Photon Cannon  
  80  14:58  Observer (Chrono Boost)  
  78  15:16  Colossus (Chrono Boost)  
  78  15:21  Stalker x2  
  82  15:26  Stalker  
  77  15:44  Cybernetics Core  
  68  15:52  Photon Cannon  
  68  15:53  Photon Cannon  
  68  15:56  Zealot x2  
  68  15:57  Zealot  
  73  16:03  Colossus (Chrono Boost)  
  72  16:23  Stalker x3  
  72  16:24  Stalker  
  78  16:36  Nexus  
  78  16:38  Pylon  
  78  16:39  Pylon  
  78  16:49  Colossus (Chrono Boost)  
  78  16:53  Zealot  
  85  16:54  Zealot x3  
  85  16:56  Stalker  
  92  17:06  Photon Cannon  
  90  17:09  Probe  
  90  17:10  Photon Cannon  
  90  17:11  Probe  
  90  17:13  Probe, Photon Cannon  
  93  17:20  Probe  
  94  17:26  Stalker x3  
  100  17:35  Pylon  
  100  17:44  Twilight Council  
  100  17:46  Protoss Ground Armor Level 1 (Chrono Boost)  
  100  17:55  Stalker, Sentry x2, Photon Cannon  
  106  18:15  Gateway  
  106  18:16  Disruptor  
  106  18:17  Gateway  
  109  18:23  Probe  
  109  18:24  Templar Archives, Probe  
  109  18:25  Probe x2  
  113  18:34  Probe  
  113  18:39  Forge  
  114  18:41  Zealot x3  
  114  18:42  Zealot  
  114  18:43  Zealot  
  124  18:49  Disruptor  
  124  18:52  Probe, Assimilator  
  124  18:53  Probe  
  129  18:57  Assimilator  
  129  19:16  High Templar x2  
  129  19:17  High Templar  
  129  19:40  Zealot  
  129  19:41  Zealot x3  
  138  19:53  Observer (Chrono Boost)  
  138  20:06  Archon  
  127  20:14  Stalker x2  
  127  20:15  Stalker  
Show
View Real Time Build Order
Export as new Build Order

LilDicky Terran 

Build Orders: MMM Bio 

Get SALT Encoding   

  12  0:01  SCV  
  13  0:13  SCV  
  14  0:17  Supply Depot  
  14  0:29  SCV, Refinery  
  15  0:44  Barracks  
  15  0:54  SCV  
  16  1:06  SCV  
  17  1:18  SCV  
  18  1:30  Marine  
  20  1:34  Supply Depot  
  20  1:36  Orbital Command  
  20  1:39  Factory  
  19  1:48  Marine  
  20  2:03  Barracks  
  20  2:05  Barracks  
  20  2:06  SCV  
  21  2:14  Barracks Reactor  
  21  2:19  SCV  
  21  2:21  Refinery  
  22  2:31  SCV  
  22  2:33  Supply Depot  
  22  2:36  Widow Mine  
  25  2:55  SCV  
  26  2:59  Barracks Tech Lab x2  
  25  3:24  Marine  
  25  3:25  Marine x3  
  24  3:40  Combat Shields  
  24  3:41  Stimpack  
  20  3:42  Marine x2  
  20  3:43  Marine x2  
  21  4:00  Marine  
  21  4:01  SCV  
  22  4:28  Marauder x2  
  25  4:51  Widow Mine  
  27  5:01  Marine x2  
  29  5:17  Marine x2  
  29  5:18  SCV  
  29  5:19  Marine  
  24  5:53  Marauder, Marine x3  
  29  6:01  Starport  
  29  6:03  Widow Mine  
  31  6:11  Marine x3  
  32  6:14  Marine  
  34  6:29  Marine x2  
  34  6:32  Marine x2  
  35  6:49  Widow Mine  
  33  7:01  Marine  
  33  7:02  Marine x2  
  35  7:14  Marine  
  36  7:19  Marine  
  35  7:27  Marine  
  38  7:37  Marine  
  38  7:38  Supply Depot  
  38  7:39  Viking  
  39  8:00  Marine x2  
  39  8:12  Marine x2  
  38  8:18  Marine  
  29  8:30  Marine x2  
  29  8:31  Marine  
  31  8:35  Marine  
  29  8:48  Marine x3  
  29  8:51  SCV  
  29  8:53  Marine  
  33  9:06  Marine  
  33  9:09  Marine x2  
  35  9:11  Marine  
  37  9:24  SCV, Marine  
  35  9:27  Marine  
  38  9:33  Concussive Shells  
  38  9:34  Marine  
  38  9:35  Marine  
  38  9:42  Marine  
  38  9:44  Medivac  
  41  9:47  Marine  
  41  9:52  SCV  
  43  9:54  Marine x2  
  43  9:59  Marine  
  34  10:22  Marine x3  
  34  10:24  Marine  
  34  10:25  Medivac  
  34  10:26  SCV  
  36  10:40  Marine x3  
  36  10:41  Marine  
  39  10:57  Marine  
  39  10:58  Marine x2  
  39  10:59  Marine  
  33  11:15  Marine x2  
  33  11:16  Marauder  
  33  11:18  Marauder  
  33  11:33  Marine x2  
  33  11:37  Marine  
  33  11:39  Marauder, Starport Reactor  
  38  11:47  Command Center, Supply Depot  
  38  11:53  Marine x2  
  40  11:59  Marine  
  41  12:12  Marauder  
  41  12:15  SCV  
  34  12:49  Marine x2  
  34  12:50  Marauder  
  30  12:52  Marine  
  30  13:10  Marine x2  
  26  13:14  Marauder  
  28  13:33  SCV  
  28  13:34  Medivac  
  31  13:40  Marauder  
  33  13:47  Marauder  
  35  13:49  SCV  
  36  14:01  SCV  
  36  14:02  Orbital Command  
  37  14:04  Medivac  
  37  14:07  Marine  
  37  14:08  Marine x2  
  42  14:13  SCV, Marine  
  44  14:39  Orbital Command  
  44  14:41  Marauder x2, Marine x2  
  50  14:50  Medivac  
  52  14:58  Marine  
  52  14:59  Marine  
  54  15:02  Marauder x2  
  58  15:16  Marine x2  
  57  15:33  Marine  
  57  15:34  Marauder  
  53  15:57  Marine  
  51  15:58  Marauder x2  
  42  16:12  Marine  
  42  16:14  Marine  
  40  16:19  Marauder  
  40  16:21  Marine  
  43  16:30  Marine  
  42  16:33  Marine  
  44  16:40  Marauder  
  44  16:41  Marauder  
  44  16:48  Marine  
  44  16:51  Viking x2, Marine  
  50  16:55  Barracks x2  
  50  16:56  Barracks  
  50  17:13  Marine x2  
  50  17:14  Marauder x2  
  50  17:30  Marine  
  50  17:31  Marine  
  50  17:35  Refinery x2, Marauder  
  54  17:38  Refinery x2  
  54  17:43  Marine x2  
  56  17:48  SCV  
  57  17:52  SCV  
  57  17:56  Marine  
  57  17:58  Marine  
  60  17:59  Marine  
  60  18:00  SCV  
  62  18:06  SCV, Marine x2  
  65  18:13  SCV, Medivac  
  65  18:15  Marine x2  
  70  18:40  Supply Depot  
  70  18:44  Liberator  
  70  18:53  SCV x2, Marine x6  
  70  18:54  Supply Depot  
  78  19:02  Marauder  
  83  19:03  Supply Depot  
  83  19:05  SCV x2  
  85  19:10  Marine  
  85  19:15  Marine x2  
  88  19:17  SCV x2  
  89  19:31  Marine x2  
  89  19:32  Marauder  
  87  19:57  Marine  
Tags
 
Add a new tag
Caveats
  • Supply blocks, unpowered buildings, or Contaminate may cause inaccurate times.
  • Supply counts are checked every 10 seconds.